 Dungeon Crawl Stone Soup version 0.31-a0-795-g5eb97db20b (webtiles) character file.

Game seed: 3860999463414646046

2125 demibob the Spear-Bearer (level 9, -2/60 (64) HPs)
             Began as a Merfolk Chaos Knight on Sept 19, 2023.
             Was a Plaything of Xom.
             Slain by a wyvern (8 damage)
             ... on level 6 of the Dungeon.
             The game lasted 00:12:28 (5909 turns).

demibob the Spear-Bearer (Merfolk Chaos Knight)     Turns: 5909, Time: 00:12:29

HP:   -2/60 (64)    AC:  9    Str: 12    XL:     9   Next: 29%
MP:   9/9           EV: 17    Int: 11    God:    Xom [.....*]
Gold: 276           SH:  0    Dex: 18    Spells: 8/8 levels left

rFire   + . .        a - +1 halberd
rCold   . . .        (shield currently unavailable)
rNeg    . . .        b - +3 leather armour
rPois   .            (no helmet)
rElec   .            (no cloak)
rCorr   .            h - +0 pair of gloves
SInv    .            d - +1 pair of boots {Stlth+}
Will    .....        j - amulet of the acrobat
Stlth   ++           F - ring of protection from fire
HPRegen 0.30/turn    (no ring)
MPRegen 0.11/turn

%: acrobat
@: drained
A: (nimble swimmer 2), mertail
a: Renounce Religion


You were on level 6 of the Dungeon.
You worshipped Xom.
You were Xom's teddy bear.
You visited 1 branch of the dungeon, and saw 7 of its levels.

You collected 276 gold pieces.


Innate Abilities, Weirdness & Mutations

((You are very nimble when in or above water. (Stealth+, EV+, Speed+++)))
Your lower body shifts to a powerful aquatic tail in water.


   Skills:
 - Level 3.2 Fighting
 + Level 13.4 Polearms
 - Level 0.6 Armour
 - Level 9.0 Dodging


You had 8 spell levels left.
You didn't know any spells.
Your spell library contained the following spells:

 Spells                   Type           Power      Damage    Failure   Level
 Blink                    Tloc           0%         N/A       56%         2
 Lesser Beckoning         Tloc           0%         N/A       56%         2
 Momentum Strike          Conj/Tloc      0%         3d8       56%         2
 Ozocubu's Armour         Ice            0%         N/A       80%         3
 Ozocubu's Refrigeration  Ice            0%         4d7       100%        7

Inventory:

Hand Weapons
 a - a +1 halberd (weapon)
 e - a +0 spear of chaos
Armour
 b - a +3 leather armour (worn)
 d - a +1 pair of boots of stealth (worn)
 h - a +0 pair of gloves (worn)
Jewellery
 j - an amulet of the acrobat (around neck)
 F - a ring of protection from fire (left hand)
Scrolls
 c - a scroll of immolation
 f - a scroll of enchant armour
 i - a scroll of enchant weapon
 l - a scroll of brand weapon
Potions
 g - a potion of brilliance
 k - a potion of attraction {unknown}
 m - a potion of haste {unknown}

Dungeon Overview and Level Annotations

Branches:
Dungeon (7/15)             Temple (0/1) D:6

Altars:
Ashenzari
Cheibriados
Fedhas
Gozag
Kikubaaqudgha
Nemelex Xobeh
Vehumet
Wu Jian
Yredelemnul

Shops:
D:4 = D:6

* ############################
#.....'......#.............#
#.....#......#.............#
#.....#......#.......##....#
############..##..#######....#
#..#>.###.##..######...##....#
#.............#.@.......#....#
#.............+gl......[#....#
#####.###.###.###.####.#).#..#
##########.###.#########).#
#.................# #...# ##
#.................# #...#
.8###..[.............# #...#
..###................# #...#
..>#...##..##..###..## ##..#


You could see a wyvern and a gnoll (swift).


Message History

The wyvern closely misses you. The gnoll misses you.
You hit the wyvern.
The wyvern is moderately wounded.
The wyvern barely misses you. The gnoll completely misses you.
You closely miss the wyvern.
The wyvern is moderately wounded.
The wyvern bites you.
* * * LOW HITPOINT WARNING * * *
The gnoll misses you.
The wyvern bites you but does no damage.
You slash the wyvern!
The wyvern is almost dead.
The wyvern bites you!
* * * LOW HITPOINT WARNING * * *
The gnoll hits you with a +0 club.
* * * LOW HITPOINT WARNING * * *
You closely miss the wyvern.
The wyvern is almost dead.
The wyvern bites you!
* * * LOW HITPOINT WARNING * * *
You closely miss the wyvern.
The wyvern is almost dead.
The wyvern completely misses you. The gnoll hits you with a +0 club.
* * * LOW HITPOINT WARNING * * *
Okay, then.
Okay, then.
You hit the wyvern but do no damage.
The wyvern is almost dead.
The wyvern bites you!
You die...

Skill      XL: |  1  2  3  4  5  6  7  8  9 |
---------------+----------------------------+-----
Dodging        | 3 4 5 7 8 9 |  9.0
Polearms       | 5 6 7 9 12 13 | 13.4
Fighting       | |  3.2
Armour         | |  0.6

Action                     |  1- 3 |  4- 6 |  7- 9 || total
---------------------------+-------+-------+-------++-------
  Melee: Spear             |   131 |   161 |       ||   292
         Punch             |     1 |     3 |       ||     4
         Halberd           |       |    94 |   267 ||   361
  Evoke: Wand              |       |       |     8 ||     8
    Use: Scroll            |     4 |     3 |     3 ||    10
         Potion            |       |     3 |     1 ||     4
   Stab: Sleeping          |     2 |     3 |     5 ||    10
         Confused          |       |     1 |       ||     1
         Distracted        |       |     2 |       ||     2
         Petrifying        |       |     2 |       ||     2
         Petrified         |       |     2 |       ||     2
         Paralysed         |       |     1 |       ||     1
 Armour: Leather armour    |    63 |   135 |   114 ||   312
  Dodge: Dodged            |    68 |   238 |   204 ||   510

Levels and vault maps discovered:
D:1:      wander_arrival_fairy_ring, layout_basic
D:2:      layout_basic
D:3:      layout_basic, amcnicky_mini_corridor_feature, uniq_natasha
D:4:      layout_cave_pools, mainiacjoe_overflow_surrounded_room,
          mainiacjoe_overflow_large_starburst, serial_shops,
          nicolae_inconvenience_store, bh_walls_and_bars
D:5:      layout_basic, evilmike_ruin_ashenzari, slow_altar_2,
          lemuel_zombie_altar_kikubaaqudgha, minmay_diced_spiral, uniq_duvessa,
          uniq_blork_the_orc, uniq_edmund
D:6:      layout_gridville, nicolae_overflow_hidden_temple, fiery_altar_vehumet,
          minmay_temple_entry_sparse_star, nicolae_shop_clearance
D:7:      layout_gridville, makhleb_blood_cavern_becter,
          mainiacjoe_overflow_six_doors_small

Notes
Turn   | Place    | Note
-------+----------+-------------------------------------------
     0 | D:1      | demibob the Merfolk Chaos Knight began the quest for the
                  | Orb.
     0 | D:1      | Reached XP level 1. HP: 18/18 MP: 1/1
    17 | D:1      | Reached skill level 3 in Dodging
   119 | D:1      | Reached XP level 2. HP: 24/24 MP: 2/2
   189 | D:1      | XOM: divination: magic mapping
   739 | D:2      | Reached XP level 3. HP: 28/29 MP: 3/3
   862 | D:2      | Reached skill level 5 in Polearms
   862 | D:2      | Reached skill level 4 in Dodging
  1162 | D:2      | XOM: cloud trail
  1370 | D:3      | XOM: summons 1 hostile demon
  1428 | D:3      | XOM: silly message
  1484 | D:3      | Noticed Natasha
  1492 | D:3      | XOM: confuse monster(s)
  1494 | D:3      | Killed Natasha
  1495 | D:3      | Reached XP level 4. HP: 31/35 MP: 4/4
  1604 | D:3      | Noticed Natasha
  1615 | D:3      | Killed Natasha
  1616 | D:3      | Reached skill level 5 in Dodging
  1616 | D:3      | Reached XP level 5. HP: 39/41 MP: 5/5
  1772 | D:3      | Noticed Natasha
  1787 | D:3      | Killed Natasha
  1788 | D:3      | Reached skill level 6 in Polearms
  2048 | D:4      | Found a blossoming altar of Fedhas.
  2108 | D:4      | Reached XP level 6. HP: 45/47 MP: 6/6
  2127 | D:4      | Reached skill level 6 in Dodging
  2127 | D:4      | XOM: noise
  2131 | D:4      | XOM: butterfly on damage
  2247 | D:3      | XOM: god gift: 5 stones
  2310 | D:4      | XOM: enchant monster (good)
  2429 | D:4      | Reached skill level 7 in Polearms
  2558 | D:4      | Found a sparkling altar of Nemelex Xobeh.
  2793 | D:4      | XOM: silly message
  3047 | D:4      | Found Penk's Jewellery Shoppe.
  3085 | D:4      | XOM: noise
  3155 | D:4      | Found an ornate altar of the Wu Jian Council.
  3217 | D:5      | Entered Level 5 of the Dungeon
  3217 | D:5      | Noticed Duvessa
  3217 | D:5      | Noticed Dowan
  3247 | D:5      | Noticed a water moccasin
  3429 | D:5      | Noticed Blork the orc
  3454 | D:5      | Killed Blork the orc
  3455 | D:5      | Reached skill level 7 in Dodging
  3455 | D:5      | Reached XP level 7. HP: 7/52 MP: 7/7
  3468 | D:5      | Reached skill level 8 in Polearms
  3690 | D:5      | Noticed Edmund
  3703 | D:5      | Found a broken altar of Ashenzari.
  3720 | D:5      | Killed Edmund
  3916 | D:5      | XOM: divination: magic mapping
  3923 | D:5      | Killed Dowan
  3924 | D:5      | Reached skill level 8 in Dodging
  3931 | D:5      | XOM: silly message
  3938 | D:5      | Killed Duvessa
  3942 | D:5      | Reached skill level 9 in Polearms
  3942 | D:5      | Reached XP level 8. HP: 11/58 MP: 8/8
  4153 | D:5      | Found an ancient bone altar of Kikubaaqudgha.
  4276 | D:5      | XOM: divination: magic mapping
  4394 | D:5      | XOM: polymorph hound -> howler monkey
  4405 | D:5      | Reached skill level 9 in Dodging
  4860 | D:5      | Found a snail-covered altar of Cheibriados.
  4965 | D:6      | Reached skill level 10 in Polearms
  4998 | D:6      | XOM: divination: detect items
  5030 | D:6      | Found Dil Meap's CLEARANCE SALE!.
  5030 | D:6      | XOM: 6-stop teleportation journey
  5043 | D:6      | Found a radiant altar of Vehumet.
  5082 | D:6      | XOM: divination: detect items
  5088 | D:6      | Reached skill level 11 in Polearms
  5221 | D:6      | Found a basalt altar of Yredelemnul.
  5300 | D:6      | XOM: silly message
  5416 | D:6      | Found a staircase to the Ecumenical Temple.
  5449 | D:6      | Reached skill level 12 in Polearms
  5541 | D:6      | Reached XP level 9. HP: 64/64 MP: 9/9
  5746 | D:6      | Reached skill level 13 in Polearms
  5823 | D:7      | Found an opulent altar of Gozag.
  5833 | D:7      | XOM: enchant monster (bad)
  5854 | D:7      | XOM: summons 5 hostile demons
  5855 | D:7      | Noticed a soul eater
  5907 | D:6      | HP: 6/60 [wyvern (7)]
  5909 | D:6      | Slain by a wyvern

Vanquished Creatures
  Edmund (D:5)
  Duvessa (D:5)
  A centaur (D:6)
  A phantom (D:5)
  Blork the orc (D:5)
  A bullfrog (D:6)
  3 scorpions
  7 wights
  Dowan (D:5)
  2 howler monkeys (D:5)
  2 jellies (D:6)
  8 hounds
  3 orc priests
  5 iguanas
  3 orc wizards
  Natasha (thrice) (D:3)
  A mummy (D:5)
  8 gnolls
  5 adders
  A white imp (D:5)
  3 ufetubi
  3 worms
  A dart slug (D:4)
  28 orcs
  3 bat zombies (D:5)
  5 endoplasms
  2 giant cockroaches (D:3)
  5 goblins
  9 hobgoblins
  11 jackals
  9 kobolds
  3 ball pythons
  4 bats
  3 frilled lizards
  3 rats
  3 rat zombies (D:5)
153 creatures vanquished.

Table legend: (Time is in decaauts)
 A = Elapsed time spent in this place.
 B = Non-inter-level travel time spent in this place.
 C = Inter-level travel time spent in this place.
 D = Time resting spent in this place.
 E = Time spent auto-exploring this place.
 F = Levels seen in this place.
 G = Mean time per level.
                   A        B        C        D        E       F      G
               +--------+--------+--------+--------+--------+-----+--------+
         Total |   5859 |   5663 |    196 |   1128 |   3294 |   7 |  837.0 |
       Dungeon |   5859 |   5663 |    196 |   1128 |   3294 |   7 |  837.0 |
               +--------+--------+--------+--------+--------+-----+--------+

Top non-repeatable levels by time:
     D:5: 1695 daAuts
     D:3: 1032 daAuts
     D:4: 863 daAuts
     D:6: 836 daAuts
     D:1: 656 daAuts
     D:2: 654 daAuts
     D:7: 120 daAuts

Table legend:
 A = Non-vault XP
 B = Vault XP
 C = Vault XP percentage of total XP
 D = Non-vault monster count
 E = Vault monster count
 F = Vault count percentage of total count
                 A         B        C        D         E       F
            +---------+---------+-------+---------+---------+-------
      Total |    2299 |     738 |  24.3 |     136 |      16 |  10.5
            +---------+---------+-------+---------+---------+-------
        D:1 |      28 |       0 |   0.0 |      16 |       0 |   0.0
        D:2 |      35 |       0 |   0.0 |      14 |       0 |   0.0
        D:3 |     191 |      32 |  14.3 |      22 |       1 |   4.3
        D:4 |     325 |       0 |   0.0 |      29 |       0 |   0.0
        D:5 |     223 |     706 |  76.0 |      16 |      15 |  48.4
        D:6 |    1221 |       0 |   0.0 |      32 |       0 |   0.0
        D:7 |     276 |       0 |   0.0 |       7 |       0 |   0.0
            +---------+---------+-------+---------+---------+-------
